 Dungeon Crawl Stone Soup version 0.17-a0-2220-g6fea741 (webtiles) character file.

135 kosy22 the Ducker (level 4, -2/45 HPs)
             Began as a Troll Fighter on Oct 28, 2015.
             Slain by an orc
             ... wielding a +0 short sword
              (6 damage)
             ... on level 3 of the Dungeon.
             The game lasted 00:04:30 (2047 turns).

kosy22 the Ducker (Troll Fighter)                   Turns: 2047, Time: 00:04:30

Health: -2/45      AC:  5    Str: 25    XL:     4   Next: 97%
Magic:  3/3        EV:  8    Int:  4    God:
Gold:   66         SH:  9    Dex:  9    Spells: 0 memorised, 3 levels left

rFire  . . .     SeeInvis .       - Unarmed
rCold  . . .     Clarity  .     a - +0 robe
rNeg   . . .     SustAt   .     b - +0 shield
rPois  .         Gourm    +     e - +0 hat
rElec  .         Spirit   .     (no cloak)
rCorr  .         Warding  .     (gloves unavailable)
rMut   .         Stasis   .     (boots unavailable)
MR     .....                    (no amulet)
Stlth  ++........               (no ring)
                                h - ring of stealth

@: not resistant to hostile enchantments, unstealthy
A: unfitting armour, claws 3, fast metabolism 3, gourmand, regeneration 2,
shaggy fur 1, tough skin 2
a: no special abilities


You were on level 3 of the Dungeon.
You were not hungry.

You visited 1 branch of the dungeon, and saw 3 of its levels.

You collected 66 gold pieces.

Inventory:

Missiles
 l - 6 needles of frenzy
Armour
 a - a +0 robe (worn)
 b - a +0 shield (worn)
 e - a +0 hat (worn)
Jewellery
 h - a ring of stealth (left claw)
Scrolls
 g - a scroll of fog
 k - a scroll of identify
Potions
 c - 2 potions of might
 i - a potion of curing {unknown}
 j - a potion of invisibility {unknown}
Comestibles
 d - a bread ration
 f - a meat ration


   Skills:
 + Level 3.0 Fighting
 + Level 3.5 Dodging
 + Level 3.2 Shields
 + Level 2.4 Unarmed Combat


You had 3 spell levels left.
You didn't know any spells.

Dungeon Overview and Level Annotations

Branches:
Dungeon (3/15)

Altars:


Innate Abilities, Weirdness & Mutations

You are too large for most types of armour.
You have claws for hands.
Your metabolism is lightning-fast.
You like to eat raw meat.
You heal very quickly.
You are covered in fur (AC +1).
You have very tough skin (AC +2).


Message History

You block the orc's attack.
You barely miss the orc.
The orc is severely wounded.
You block the orc's attack.
The orc priest zaps a wand.
The bolt of lightning hits the orc.
The orc dies!
The bolt of lightning hits you!
It is a wand of lightning.
The orc hits you with a short sword.
The orc priest calls down the wrath of Beogh upon you.
Pain shoots through your body!
You see here a falchion.
The orc priest casts a cantrip, but nothing happens.
The orc misses you.
Found 5 gold pieces.
The orc priest zaps a wand.
The bolt of lightning hits you!
* * * LOW HITPOINT WARNING * * *
Found a curved fluorescent wand.
The orc priest zaps a wand.
Nothing appears to happen.
The orc hits you with a short sword.
You die...

..####....
......$...
#......... #.#
#......... ?.
#/........ #.#
#..o...... #..
#.o....... #######
#.###@# ##......
#...o.# ##......
##..)?# ##......
#....#
##......#####.?..# #
...........#.#.# #
###..[....#.#.#
######.......#.#.#
.....#.......#.#.##.


You could see an orc priest and 2 orcs.

Vanquished Creatures
  Ijyb (D:2)
  Jessica (D:2)
  A gnoll (D:1)
  2 adders (D:2)
  An ooze (D:3)
  A giant gecko (D:2)
  4 giant cockroaches
  6 hobgoblins
  8 jackals (D:2)
  A quokka (D:2)
  A ball python (D:2)
  8 bats
  A giant newt (D:1)
  4 goblins
  5 kobolds
  2 rats
47 creatures vanquished.

Vanquished Creatures (others)
  An orc (D:3)
1 creature vanquished.

Grand Total: 48 creatures vanquished

Notes
Turn   | Place    | Note
--------------------------------------------------------------
     0 | D:1      | kosy22 the Troll Fighter began the quest for the Orb.
     0 | D:1      | Reached XP level 1. HP: 22/22 MP: 0/0
   423 | D:1      | Reached XP level 2. HP: 29/29 MP: 1/1
   548 | D:1      | You fall through a shaft!
   587 | D:2      | Noticed Ijyb
   678 | D:2      | Reached XP level 3. HP: 36/36 MP: 2/2
   856 | D:2      | Noticed Jessica
   865 | D:2      | Killed Jessica
   865 | D:2      | Reached skill level 3 in Dodging
   865 | D:2      | Reached XP level 4. HP: 41/44 MP: 3/3
  1030 | D:2      | Killed Ijyb
  2047 | D:3      | Slain by an orc

Vault maps used:
D:1:      dpeg_arrival_sounds_slurp
D:2:      first_bread, uniq_iyjb, uniq_jessica
D:3:      nicolae_gozag_zags_fifth_avenue, uniq_robin, uniq_natasha

Action                   |  1- 3 |  4- 6 || total
-------------------------+-------+-------++-------
Melee: Unarmed           |    71 |    67 ||   138
  Use: Scroll            |       |     4 ||     4
 Stab: Sleeping          |     1 |     1 ||     2
       Distracted        |       |     1 ||     1
  Eat: Chunk             |     1 |     5 ||     6
       Bread ration      |     1 |     2 ||     3
